Map: Rafa otchłani ER

Players

volvix

  • Race: Protoss Protoss
  • Spawn Location: 5:00

SI 1 (Bardzo trudna) - Winner!

  • Race: Terran Terran
  • Spawn Location: 11:00

VOD

Have the link to the VOD?

Description

Time

  • Played on: June 10, 2023, 8:36 p.m.
  • Length: 9:30
Show
View Real Time Build Order
Export as new Build Order

volvix Protoss 

Build Orders: Oracle Opening 

Get SALT Encoding   

  12  0:00  Probe (Chrono Boost)  
  13  0:09  Probe (Chrono Boost)  
  14  0:14  Probe (Chrono Boost)  
  15  0:24  Pylon  
  15  0:42  Probe  
  16  0:48  Gateway  
  16  0:49  Assimilator  
  16  0:51  Assimilator  
  16  0:54  Probe  
  17  1:02  Pylon  
  17  1:12  Probe  
  18  1:24  Probe  
  19  1:38  Cybernetics Core  
  19  1:39  Probe  
  20  1:52  Probe  
  21  2:12  Probe  
  21  2:14  Adept (Chrono Boost)  
  22  2:18  Warp Gate, Stargate  
  24  2:24  Probe  
  25  2:36  Nexus  
  25  2:42  Adept  
  27  2:45  Probe  
  28  2:59  Oracle (Chrono Boost)  
  31  3:10  Pylon  
  31  3:26  Adept (Chrono Boost)  
  31  3:28  Probe, Twilight Council  
  34  3:40  Probe  
  35  3:47  Gateway  
  35  3:48  Gateway  
  35  3:51  Adept  
  35  3:53  Probe  
  38  4:08  Probe (Chrono Boost)  
  39  4:10  Pylon  
  39  4:12  Probe (Chrono Boost)  
  40  4:21  Stalker  
  40  4:24  Blink, Probe (Chrono Boost)  
  43  4:28  Probe (Chrono Boost)  
  43  4:29  Probe (Chrono Boost)  
  45  4:39  Probe  
  46  4:47  Stalker  
  46  4:49  Gateway  
  46  4:51  Probe  
  49  4:54  Stalker  
  51  5:02  Stalker  
  51  5:03  Probe  
  54  5:15  Probe (Chrono Boost)  
  54  5:19  Pylon  
  56  5:22  Stalker x2  
  56  5:25  Probe (Chrono Boost)  
  56  5:26  Probe (Chrono Boost)  
  61  5:33  Probe (Chrono Boost)  
  62  5:35  Assimilator  
  62  5:37  Assimilator  
  62  5:39  Probe (Chrono Boost)  
  62  5:40  Probe (Chrono Boost)  
  62  5:41  Stalker  
  66  5:48  Probe  
  66  5:49  Pylon  
  67  5:56  Stalker  
  69  6:00  Pylon  
  69  6:06  Nexus  
  69  6:13  Probe (Chrono Boost)  
  69  6:16  Stalker x2  
  74  6:23  Probe (Chrono Boost)  
  75  6:28  Stalker, Probe (Chrono Boost)  
  78  6:37  Void Ray (Chrono Boost)  
  82  6:40  Probe  
  82  6:44  Pylon  
  83  6:48  Stalker  
  83  6:52  Pylon, Probe  
  86  7:04  Probe  
  87  7:11  Stalker  
  87  7:12  Templar Archives  
  93  7:15  Void Ray  
  93  7:18  Probe (Chrono Boost)  
  93  7:20  Stalker  
  93  7:22  Stalker  
  98  7:28  Probe (Chrono Boost)  
  99  7:33  Probe (Chrono Boost)  
  99  7:35  Stalker  
  99  7:36  Forge  
  102  7:39  Probe  
  102  7:40  Psionic Storm  
  102  7:41  Pylon  
  103  7:45  Probe  
  103  7:50  Stalker  
  106  7:57  Probe (Chrono Boost)  
  111  7:59  Void Ray (Chrono Boost)  
  111  8:08  Probe (Chrono Boost)  
  113  8:15  Probe (Chrono Boost)  
  113  8:17  Probe (Chrono Boost)  
  114  8:22  Photon Cannon, Stalker, Probe (Chrono Boost)  
  114  8:23  Photon Cannon  
  114  8:26  Shield Battery  
  117  8:28  High Templar  
  117  8:29  High Templar  
  117  8:33  Void Ray  
  125  8:35  Pylon x2  
  125  8:54  Probe x2  
  127  8:58  Stalker  
  127  8:59  Stalker  
  127  9:02  Pylon  
  128  9:03  Pylon  
  84  9:14  Stalker  
  73  9:26  Photon Cannon  
  73  9:28  Photon Cannon  
  73  9:30  Photon Cannon  
Show
View Real Time Build Order
Export as new Build Order

SI 1 (Bardzo trudna) Terran - Winner!

Build Orders:  

Get SALT Encoding   

  12  0:00  SCV  
  13  0:13  SCV  
  14  0:18  Supply Depot  
  14  0:25  SCV  
  15  0:40  SCV  
  16  0:43  Barracks  
  16  0:52  SCV  
  17  1:04  SCV  
  18  1:16  SCV  
  19  1:19  Command Center  
  19  1:30  Marine  
  20  1:33  Orbital Command  
  20  1:46  Supply Depot  
  20  1:48  Marine  
  20  1:50  Refinery  
  21  1:59  SCV  
  22  2:05  Marine  
  23  2:09  Barracks  
  23  2:11  SCV  
  24  2:16  Refinery  
  24  2:23  Marine, SCV  
  24  2:28  Supply Depot  
  26  2:31  SCV  
  27  2:44  Orbital Command  
  27  2:46  Marine  
  27  2:49  SCV  
  29  2:58  Engineering Bay  
  29  3:18  Factory  
  29  3:19  SCV  
  30  3:21  Marine  
  30  3:23  Marine  
  30  3:26  SCV  
  32  3:27  Missile Turret  
  32  3:29  Missile Turret  
  32  3:31  SCV  
  33  3:38  Marine, SCV  
  33  3:40  Marine  
  36  3:43  SCV  
  37  3:49  Barracks  
  37  3:50  SCV  
  38  3:55  SCV  
  38  3:57  Barracks Tech Lab  
  38  3:59  Barracks Tech Lab  
  38  4:02  SCV  
  39  4:06  Starport  
  39  4:07  Factory Tech Lab, SCV  
  40  4:14  SCV  
  41  4:17  Marine  
  41  4:19  Marine  
  41  4:20  SCV  
  41  4:23  Stimpack  
  44  4:26  SCV  
  44  4:27  Combat Shield  
  45  4:32  Supply Depot, SCV  
  45  4:35  Marine  
  45  4:37  Marine  
  48  4:39  SCV  
  48  4:43  Marine  
  48  4:44  Medivac, SCV  
  53  4:51  SCV  
  54  4:54  Marine  
  54  4:55  Marine  
  54  4:56  Supply Depot, SCV  
  57  5:01  Supply Depot  
  57  5:03  SCV  
  57  5:05  Barracks Reactor  
  58  5:08  SCV  
  58  5:11  Siege Tank  
  62  5:18  Marauder, SCV  
  62  5:19  Refinery, Marauder  
  62  5:20  SCV  
  68  5:26  Supply Depot  
  68  5:30  SCV  
  68  5:32  SCV  
  68  5:35  Refinery  
  70  5:40  Marauder x2  
  70  5:42  SCV  
  75  5:43  Siege Tank  
  75  5:48  SCV  
  75  5:49  Supply Depot  
  79  5:54  SCV  
  80  6:00  SCV  
  80  6:01  Marauder, Engineering Bay  
  83  6:06  SCV  
  83  6:11  Terran Infantry Weapons Level 1, Marauder  
  86  6:12  SCV, Missile Turret  
  86  6:15  Siege Tank, Supply Depot  
  90  6:18  SCV  
  90  6:22  Marauder  
  90  6:23  Missile Turret  
  93  6:36  Barracks, Concussive Shells  
  93  6:37  Marauder  
  93  6:39  Supply Depot  
  95  6:43  Terran Infantry Armor Level 1  
  95  6:44  Marauder  
  97  6:47  Siege Tank  
  97  6:50  Starport Reactor  
  100  6:56  Missile Turret  
  100  6:58  Marauder  
  102  7:04  Supply Depot  
  102  7:05  Marauder  
  104  7:19  Siege Tank, Marauder  
  104  7:21  Command Center  
  108  7:26  Medivac  
  108  7:28  Supply Depot  
  110  7:49  Barracks  
  110  7:52  Siege Tank, Supply Depot  
  113  8:00  Armory  
  113  8:12  Viking  
  115  8:16  Supply Depot  
  115  8:19  Viking  
  117  8:24  Widow Mine  
  119  8:33  SCV x3  
  122  8:42  Viking  
  122  8:45  Refinery, Orbital Command, SCV  
  122  8:46  SCV  
  122  8:47  Missile Turret  
  126  8:49  Viking  
  126  8:55  Widow Mine  
  130  8:57  SCV, Missile Turret  
  130  8:58  Refinery, SCV  
  130  8:59  Armory  
  130  9:00  Marauder  
  130  9:02  Marauder  
  135  9:03  Supply Depot  
  135  9:05  Marine  
  135  9:08  Marine  
  135  9:09  Marine x2, SCV  
  128  9:10  SCV  
  128  9:11  SCV  
Tags
 
Add a new tag
Caveats
  • Supply blocks, unpowered buildings, or Contaminate may cause inaccurate times.
  • Supply counts are checked every 10 seconds.